 Dungeon Crawl Stone Soup version 0.30.0-10-gfe55d96785 (webtiles) character file.

Game seed: 6128104410846918939

4827 PoweredByGinger the Cleaver (level 10, -10/91 HPs)
             Began as a Minotaur Gladiator on May 15, 2023.
             Was an Elder of Okawaru.
             Mangled by a yak (14 damage)
             ... on level 8 of the Dungeon.
             The game lasted 00:11:40 (9676 turns).

PoweredByGinger the Cleaver (Minotaur Gladiator)    Turns: 9676, Time: 00:11:41

Health: -10/91     AC:  7    Str: 22    XL:     10   Next: 25%
Magic:  9/9        EV: 14    Int:  5    God:    Okawaru [****..]
Gold:   509        SH:  0    Dex: 13    Spells: 9/9 levels left

rFire   + . .        a - +0 war axe
rCold   + . .        (no shield)
rNeg    . . .        g - +0 ring mail
rPois   .            C - +1 hat
rElec   .            A - scarf {rC+ rF+}
rCorr   .            (no gloves)
SInv    .            q - +0 pair of boots
Will    .....        (no amulet)
Stlth   +            (no ring)
HPRegen 0.35/turn    (no ring)
MPRegen 0.11/turn

%: no passive effects
@: lethally poisoned (-10 -> -17)
A: horns 2, retaliatory headbutt
a: Renounce Religion, Heroism, Finesse


You were on level 8 of the Dungeon.
You worshipped Okawaru.
Okawaru was greatly pleased with you.
You visited 2 branches of the dungeon, and saw 10 of its levels.

You collected 509 gold pieces.

Inventory:

Hand Weapons
 a - a +0 war axe (weapon)
 F - the +5 sling "Seblan" {elec, rPois SInv}
   (You took it off a centaur on level 8 of the Dungeon)

   rPois:     It protects you from poison.
   SInv:      It lets you see invisible.
Missiles
 c - an atropa-tipped dart
 d - 2 throwing nets (quivered)
 e - a javelin
Armour
 g - a +0 ring mail (worn)
 j - a +0 tower shield
 q - a +0 pair of boots (worn)
 y - a +0 kite shield
 A - a scarf of resistance (worn)
 C - a +1 hat (worn)
Jewellery
 w - a ring of magical power
Wands
 u - a wand of flame (18)
 x - a wand of mindburst (7)
 E - a wand of acid (11)
Scrolls
 f - 2 scrolls of noise
 k - 2 scrolls of torment
 m - 2 scrolls of vulnerability
 p - 2 scrolls of fog {unknown}
 r - 2 scrolls of silence {unknown}
 v - 2 scrolls of blinking
 z - 2 scrolls of poison {unknown}
 B - 2 scrolls of enchant armour {unknown}
 D - 2 scrolls of identify
Potions
 b - a potion of degeneration {unknown}
 h - 3 potions of heal wounds {unknown}
 i - 2 potions of curing
 l - a potion of might
 n - 2 potions of mutation {unknown}
 o - a potion of flight {unknown}
 s - 4 potions of lignification {unknown}
 t - 3 potions of attraction


   Skills:
 + Level 9.4 Fighting
 * Level 13.2 Axes
 - Level 2.0 Throwing
 + Level 8.9 Dodging


You had 9 spell levels left.
You didn't know any spells.
Your spell library contained the following spells:

 Spells                   Type           Power      Damage    Failure   Level
 Slow                     Hex            0%         N/A       65%         1
 Ensorcelled Hibernation  Hex/Ice        0%         N/A       78%         2
 Passwall                 Tmut/Erth      0%         N/A       78%         2
 Poisonous Vapours        Pois/Air       0%         N/A       78%         2
 Confusing Touch          Hex            0%         N/A       95%         3
 Mephitic Cloud           Conj/Pois/Air  0%         N/A       95%         3
 Swiftness                Air            0%         N/A       95%         3
 Vampiric Draining        Necr           0%         2d6       95%         3
 Freezing Cloud           Conj/Ice/Air   0%         6-21      100%        5
 Summon Small Mammal      Summ           Unusable   N/A       N/A         1
 Call Canine Familiar     Summ           Unusable   N/A       N/A         3
 Summon Guardian Golem    Hex/Summ       Unusable   N/A       N/A         3

Dungeon Overview and Level Annotations

Branches:
Dungeon (9/15)             Temple (1/1) D:4
   Lair: D:8-11         Orc: D:9-12

Altars:
Ashenzari
Cheibriados
Dithmenos
Elyvilon
Fedhas
Gozag
Hepliaklqana
Kikubaaqudgha
Nemelex Xobeh
Okawaru
Qazlal
Ru
Sif Muna
Trog
Uskayaw
Vehumet
Wu Jian
Xom
Yredelemnul
Zin
The Shining One

Annotations:
D:4 2 transporters, voltaire321's ghost, amateur DsAr


Innate Abilities, Weirdness & Mutations

You have a pair of horns on your head.
You reflexively headbutt those who attack you in melee.


Message History

You slash the black bear! You punch the black bear.
The black bear is almost dead.
You hit the yak. You slash the yak! You hit the scorpion but do no damage.
You closely miss the yak. The scorpion stings you.
You are poisoned.
The scorpion poisons you!
The yak snorts and paws the ground.
The yak gores you! The yak misses you. The scorpion stings you.
You are more poisoned.
The scorpion poisons you!
The black bear bites you but does no damage.
The black bear barely misses you. The black bear claws you.
The yak gores you but does no damage.
You closely miss the black bear.
The black bear is almost dead.
You slash the yak! x3; You hit the scorpion but do no damage.
You feel very sick. The scorpion barely misses you.
Unknown command.
Unknown command.
You slash the black bear!
You kill the black bear!
Okawaru accepts your kill.
You hit the yak. You hit the yak but do no damage. You slash the yak!
You hit the scorpion but do no damage.
You feel very sick. The yak gores you! The yak gores you.
The yak completely misses you. The scorpion misses you.
Unknown command.
Unknown command.
You feel very sick. The yak barely misses you. The yak gores you.
* * * LOW HITPOINT WARNING * * *
The yak gores you!
* * * LOW HITPOINT WARNING * * *
The yak attacks as you move away! The yak gores you.
* * * LOW HITPOINT WARNING * * *
x2 You feel sick.
The yak gores you but does no damage. The yak attacks as you move away!
The yak gores you!
You die...

....# #.####.....# ##### #.#
#.....# #########
...#######.####.....# ##........
##..#.........'.....####......###
###.........###....[..........# #
###.#.#...###.........#.....# #
#.#....(...#'##.....#.....# #
#.#.....##.#.#......#.....# #
#.#..<.....#@..#....#.....# #
#.#.#.#..###YY##....####### #
#.#...#.....sY##....#
#.......#.###)##....# #######.#)#
#.####### #...#)# #.# #.###)###.#
#.#..)..#.# #.#.#.#.#.#


You could see 3 yaks and a scorpion.

Vanquished Creatures
  Gastronok (D:8)
  A hornet (D:8)
  2 wyverns
  2 orc warriors
  An ice beast (D:5)
  2 sky beasts (D:6)
  A black bear (D:8)
  An ogre (D:5)
  5 centaurs
  2 kobold brigands
  3 phantoms
  Blork the orc (D:6)
  3 bullfrogs
  2 gnoll sergeants
  2 scorpions
  3 howler monkeys (D:8)
  3 hounds
  2 gnoll boudas
  3 orc priests
  2 jellies
  11 orc wizards
  6 iguanas
  Natasha (thrice) (D:2)
  25 gnolls
  6 adders
  2 river rats (D:4)
  3 shadow imps
  A white imp (D:3)
  2 ufetubi
  4 worms
  4 dart slugs
  29 orcs
  5 bats
  5 endoplasms
  2 giant cockroaches
  9 goblins
  9 hobgoblins
  3 jackals (D:1)
  4 quokkas
  4 ball pythons
  A frilled lizard (D:1)
  12 kobolds
  9 rats
201 creatures vanquished.

Notes
Turn   | Place    | Note
-------+----------+-------------------------------------------
     0 | D:1      | PoweredByGinger the Minotaur Gladiator began the quest for
                  | the Orb.
     0 | D:1      | Reached XP level 1. HP: 18/18 MP: 0/0
   255 | D:1      | Reached skill level 4 in Axes
   256 | D:1      | Reached XP level 2. HP: 23/25 MP: 1/1
   307 | D:1      | Found a faded altar of an unknown god.
   657 | D:2      | Reached XP level 3. HP: 31/31 MP: 2/2
   682 | D:2      | Found a stormy altar of Qazlal.
   814 | D:2      | Noticed Natasha
   823 | D:2      | Killed Natasha
   824 | D:2      | Reached skill level 5 in Axes
   824 | D:2      | Reached XP level 4. HP: 4/38 MP: 3/3
  1140 | D:2      | Noticed Natasha
  1153 | D:2      | Killed Natasha
  1363 | D:2      | Noticed Natasha
  1371 | D:2      | Killed Natasha
  1372 | D:2      | Reached XP level 5. HP: 39/46 MP: 4/4
  1775 | D:3      | Reached skill level 6 in Axes
  1996 | D:3      | Found an ancient bone altar of Kikubaaqudgha.
  2053 | D:3      | Reached XP level 6. HP: 35/53 MP: 5/5
  2605 | D:4      | Found a bloodstained altar of Trog.
  2611 | D:4      | Found a staircase to the Ecumenical Temple.
  2692 | D:4      | Found a shimmering blue altar of Sif Muna.
  2837 | Temple   | Entered the Ecumenical Temple
  3041 | Temple   | Became a worshipper of Warmaster Okawaru
  3172 | D:4      | Noticed voltaire321's ghost (amateur DsAr)
  3173 | D:4      | Found a transporter.
  3175 | D:4      | Identified the +7 dire flail of Golden Judgement {heavy,
                  | *Slow Fly Dex+3}
  3201 | D:4      | Reached skill level 7 in Axes
  3205 | D:4      | Reached skill level 5 in Dodging
  3343 | D:4      | Found a transporter.
  3449 | D:4      | Reached skill level 5 in Fighting
  3449 | D:4      | Reached XP level 7. HP: 43/61 MP: 6/6
  3654 | D:5      | Entered Level 5 of the Dungeon
  4044 | D:5      | Reached skill level 8 in Axes
  4115 | D:4      | Reached * piety under Okawaru
  4690 | D:4      | Reached XP level 8. HP: 65/70 MP: 7/7
  4748 | D:5      | Reached skill level 9 in Axes
  4848 | D:5      | Found a broken altar of Ashenzari.
  5360 | D:6      | Found a snail-covered altar of Cheibriados.
  5584 | D:6      | Reached ** piety under Okawaru
  6125 | D:6      | Noticed Blork the orc
  6135 | D:6      | Killed Blork the orc
  6136 | D:6      | Reached skill level 10 in Axes
  6950 | D:7      | Reached XP level 9. HP: 43/79 MP: 8/8
  7181 | D:7      | Reached skill level 11 in Axes
  7794 | D:7      | Reached *** piety under Okawaru
  7970 | D:7      | Found a radiant altar of Vehumet.
  8036 | D:7      | Found a hazy altar of Hepliaklqana.
  8441 | D:8      | Noticed Gastronok
  8459 | D:8      | Killed Gastronok
  8459 | D:8      | Reached **** piety under Okawaru
  8459 | D:8      | Received a gift from Okawaru
  8460 | D:8      | Reached skill level 12 in Axes
  8460 | D:8      | Reached XP level 10. HP: 13/91 MP: 9/9
  8953 | D:8      | Reached skill level 13 in Axes
  9190 | D:8      | Identified the +5 sling "Seblan" {elec, rPois SInv}
  9675 | D:8      | HP: 4/91 [poisoned by a scorpion]
  9676 | D:8      | Mangled by a yak

Illustrated notes

Levels and vault maps discovered:
D:1:      minmay_arrival_widening_spiral_wide, layout_rooms,
          chequers_ecumenical_altar_simple, dreamdust_wishing_well
D:2:      layout_loops_cross, basic_altar, serial_bayou, serial_bayou_shore_b,
          serial_bayou_ford_a, serial_bayou_shore_b, serial_bayou_pond_e,
          serial_bayou_shore_a, serial_bayou_lagoon_a, guppyfry_early_orc_mine,
          uniq_natasha
D:3:      layout_rooms, lemuel_coloured_pillars_altar
D:4:      layout_basic, mainiacjoe_overflow_chevrons,
          mainiacjoe_overflow_alcove_1, minmay_temple_entry_slanted,
          gammafunk_ghost_smash, portal_sewer_entry_b
D:5:      layout_basic, nicolae_ashenzari_panopticon, hangedman_glass_teeth,
          chequers_serial_rivers_small_a, st_stairs_2
D:6:      layout_basic, mainiacjoe_overflow_alcove_2, uniq_blork_the_orc
D:7:      layout_basic, nicolae_vehumet_altar_sigil, lemuel_crystal_altar,
          kb_lookout_dungeons_type
D:8:      layout_basic, uniq_gastronok
D:9:      layout_basic, grunt_lair_entry_orc_guard_hut, gammafunk_ghost_icy,
          uniq_harold
Temple:   nicolae_temple_great_sept

Skill      XL: |  1  2  3  4  5  6  7  8  9 10 |
---------------+-------------------------------+-----
Axes           | 4 5 6 7 8 10 12 13 | 13.2
Fighting       | 3 4 5 6 7 9 |  9.4
Dodging        | 4 5 6 7 8 |  8.9
Throwing       | |  2.0

Action                     |  1- 3 |  4- 6 |  7- 9 | 10-12 || total
---------------------------+-------+-------+-------+-------++-------
  Melee: War axe           |    69 |   144 |   276 |    65 ||   554
         Headbutt          |     8 |    21 |    53 |    19 ||   101
         Punch             |     1 |     2 |     5 |     1 ||     9
  Throw: Throwing net      |       |       |     5 |       ||     5
    Use: Scroll            |       |     5 |     4 |       ||     9
         Potion            |       |       |     4 |       ||     4
   Stab: Held in net/web   |       |       |     1 |       ||     1
 Armour: Ring mail         |    24 |    39 |    57 |    21 ||   141
         Leather armour    |     2 |       |       |       ||     2
  Dodge: Dodged            |    44 |    99 |   184 |    52 ||   379
